 Dungeon Crawl Stone Soup version 0.30-a0-802-gb92711bcdf (console) character file.

Game seed: 10119061584811003111

4215 jejorda2 the Spear-Bearer (level 10, -4/76 HPs)
             Began as a Merfolk Berserker on Feb 23, 2023.
             Was an Elder of Trog.
             Slain by a fire elemental (6 damage)
             ... summoned by a deep elf pyromancer
             ... on level 8 of the Dungeon.
             The game lasted 00:13:39 (6622 turns).

jejorda2 the Spear-Bearer (Merfolk Berserker)       Turns: 6622, Time: 00:13:40

Health: -4/76      AC: 16    Str: 28    XL:     10   Next: 30%
Magic:  10/10      EV: 11    Int:  7    God:    Trog [****..]
Gold:   334        SH:  0    Dex: 13    Spells: 9/9 levels left

rFire   . . .      SeeInvis .    a - +1 scythe
rCold   . . .      Faith    .    (shield currently unavailable)
rNeg    . . .      Spirit   .    i - +0 chain mail
rPois   .          Reflect  .    (no helmet)
rElec   .          Harm     .    A - +1 cloak
rCorr   .          Rampage  .    (no gloves)
Will    .....                    z - +0 pair of boots Stlth
                                 (no amulet)
HPRegen 0.32/turn                e - +6 ring of strength
MPRegen 0.12/turn                h - +4 ring of protection

@: about to teleport, on berserk cooldown, slowed, very slow
A: (nimble swimmer 2), mertail
a: Renounce Religion, Berserk, Trog's Hand, Brothers in Arms


You were on level 8 of the Dungeon.
You worshipped Trog.
Trog was greatly pleased with you.
You visited 1 branch of the dungeon, and saw 8 of its levels.

You collected 399 gold pieces.
You spent 65 gold pieces at shops.

Inventory:

Hand Weapons
 a - a +1 scythe (weapon)
 b - a +4 trident
Missiles
 k - 64 stones (quivered)
 l - 4 datura-tipped darts
 m - 3 javelins
 p - 9 poisoned darts
 y - 18 boomerangs
Armour
 i - a +0 chain mail (worn)
 z - a +0 pair of boots (worn)
 A - a +1 cloak (worn)
Jewellery
 d - a ring of positive energy
 e - a +6 ring of strength (left hand)
 h - a +4 ring of protection (right hand)
Wands
 n - a wand of polymorph (7)
 v - a wand of mindburst (17)
Scrolls
 c - a scroll of blinking
 g - 7 scrolls of teleportation
 j - a scroll of butterflies
Potions
 f - 7 potions of curing
 q - 4 potions of heal wounds
 r - a potion of flight
 C - 2 potions of might
 D - 4 potions of attraction


   Skills:
 - Level 6.0 Fighting
 * Level 14.5 Polearms
 - Level 6.0 Throwing
 + Level 3.6 Armour
 - Level 6.0 Dodging


You had 9 spell levels left.
You didn't know any spells.
Your spell library was empty.

Dungeon Overview and Level Annotations

Branches:
Dungeon (8/15)             Temple (0/1) D:6
   Lair: D:8-11

Altars:
Gozag
Nemelex Xobeh
Ru
Trog
Uskayaw
Yredelemnul

Shops:
D:2 *


Innate Abilities, Weirdness & Mutations

((You are very nimble when in or above water. (Stealth+, EV+, Speed+++)))
Your lower body shifts to a powerful aquatic tail in water.


Message History

The fire elemental barely misses you.
You closely miss the fire elemental.
The fire elemental is lightly damaged.
The deep elf pyromancer casts a spell at you.
The bolt of fire hits the fire elemental.
The fire elemental completely resists.
The bolt of fire hits you!!
* * * LOW HITPOINT WARNING * * *
The electric eel shoots out a bolt of lightning at you!
The bolt of electricity hits the fire elemental.
The fire elemental resists.
The bolt of electricity hits you!
* * * LOW HITPOINT WARNING * * *
You hear two shouts!
You are too injured to fight recklessly!
You are too injured to fight recklessly!
You are too injured to fight recklessly!
You are too injured to fight recklessly!
You are too injured to fight recklessly!
You barely miss the fire elemental.
The fire elemental is lightly damaged.
You are no longer berserk.
You are exhausted.
You feel yourself slow down.
You hear a howl!
The fire elemental misses you.
The deep elf pyromancer gestures at you while chanting.
The sticky flame misses you.
The deep elf pyromancer points at you and mumbles some strange words.
The bolt of fire misses you. The fire elemental barely misses you.
As you read the scroll of teleportation, it crumbles to dust.
You feel strangely unstable. The fire elemental hits you.
The fire elemental burns you!
* * * LOW HITPOINT WARNING * * *
The electric eel shoots out a bolt of lightning at you!
The bolt of electricity hits the fire elemental.
The fire elemental resists.
The bolt of electricity hits you!
* * * LOW HITPOINT WARNING * * *
The fire elemental hits you.
* * * LOW HITPOINT WARNING * * *
The fire elemental burns you!
You die...

#######..#.#
#........#.....
.........#.#.#
#...######.....
#.####...#.#.# #...#
####.. #.# #...#.#.#
#.### #.. #.# #...#.#.#
### ##. #.# #...#.#.# #.
#.# #...#.#.# ## #.#
#...#.#.######
#.####...#.#....@E#
.........#.#.####.○eS≈≈≈≈
#.###.#.##.#.# ###.o$≈.:
#.# #.#....#.# ...≈.. ..#
#.######.# ..... ### #.#
#.# ..... # #.# #.# ....
# #.######.# ##..
#........#


You could see a deep elf pyromancer, a fire elemental (summoned), an electric
eel and an orc.

Vanquished Creatures
  A centaur warrior (D:8)
  Prince Ribbit (D:8)
  Sigmund (D:3)
  A steam dragon (D:7)
  2 water moccasins
  Duvessa (D:4)
  3 ice beasts
  A sky beast (D:7)
  A black bear (D:6)
  5 ogres
  2 centaurs (D:7)
  2 bullfrogs (D:7)
  A necrophage (D:5)
  A scorpion (D:4)
  Dowan (D:4)
  11 killer bees (D:8)
  2 electric eels (D:8)
  2 hounds
  2 jellies
  8 orc priests
  A gnoll bouda (D:7)
  3 iguanas
  5 orc wizards
  8 gnolls
  13 adders
  2 white imps
  3 worms
  4 dart slugs
  27 orcs
  9 endoplasms
  7 giant cockroaches
  6 hobgoblins
  A jackal (D:1)
  8 kobolds
  9 quokkas
  9 ball pythons
  4 bats
  4 frilled lizards
  9 goblins
  4 rats
185 creatures vanquished.

Vanquished Creatures (others)
  2 fungi (D:8)
  2 plants (D:8)
4 creatures vanquished.

Grand Total: 189 creatures vanquished

Notes
Turn   | Place    | Note
-------+----------+-------------------------------------------
     0 | D:1      | jejorda2 the Merfolk Berserker began the quest for the Orb.
     0 | D:1      | Reached XP level 1. HP: 18/18 MP: 1/1
   220 | D:1      | Reached XP level 2. HP: 23/24 MP: 2/2
   534 | D:1      | Reached XP level 3. HP: 29/29 MP: 3/3
   647 | D:1      | Reached skill level 5 in Polearms
   863 | D:1      | Reached ** piety under Trog
  1321 | D:2      | Reached XP level 4. HP: 37/37 MP: 4/4
  1347 | D:2      | Found Heafruops's General Store.
  1355 | D:2      | Bought a scroll of teleportation for 39 gold pieces
  1450 | D:2      | Identified the +2 spear "Gokon" {heavy, Will+}
  1922 | D:3      | Noticed an ogre
  1928 | D:3      | Killed an ogre
  1929 | D:3      | Reached skill level 6 in Polearms
  1929 | D:3      | Reached XP level 5. HP: 43/43 MP: 5/5
  2041 | D:3      | Found a faded altar of an unknown god.
  2200 | D:3      | Noticed Sigmund
  2247 | D:3      | Killed Sigmund
  2248 | D:3      | Reached skill level 7 in Polearms
  2248 | D:3      | Reached skill level 5 in Dodging
  2248 | D:3      | Reached XP level 6. HP: 50/50 MP: 6/6
  2706 | D:4      | Reached skill level 5 in Fighting
  2706 | D:4      | Reached XP level 7. HP: 56/56 MP: 7/7
  2886 | D:4      | Reached skill level 8 in Polearms
  2908 | D:4      | Reached *** piety under Trog
  3247 | D:4      | Noticed Duvessa
  3247 | D:4      | Noticed Dowan
  3252 | D:4      | Killed Duvessa
  3255 | D:4      | Killed Dowan
  3256 | D:4      | Reached skill level 9 in Polearms
  3576 | D:5      | Entered Level 5 of the Dungeon
  3583 | D:5      | Reached XP level 8. HP: 64/64 MP: 8/8
  3646 | D:5      | Reached skill level 1 in Throwing
  3723 | D:2      | Bought a scroll of identify for 26 gold pieces
  3804 | D:5      | Reached skill level 10 in Polearms
  4385 | D:6      | Reached skill level 11 in Polearms
  4511 | D:6      | Found an opulent altar of Gozag.
  4511 | D:6      | Found a sparkling altar of Nemelex Xobeh.
  4726 | D:6      | Reached XP level 9. HP: 69/69 MP: 9/9
  4778 | D:6      | Found a staircase to the Ecumenical Temple.
  4998 | D:6      | Reached skill level 12 in Polearms
  5159 | D:7      | Reached **** piety under Trog
  5382 | D:7      | Found a basalt altar of Yredelemnul.
  5746 | D:7      | Reached skill level 13 in Polearms
  5756 | D:7      | Reached skill level 5 in Throwing
  5856 | D:7      | Found a sacrificial altar of Ru.
  5883 | D:7      | Found a hide-covered altar of Uskayaw.
  5900 | D:7      | Found a bloodstained altar of Trog.
  6005 | D:8      | Noticed Prince Ribbit
  6015 | D:8      | Killed Prince Ribbit
  6164 | D:8      | Reached XP level 10. HP: 27/76 MP: 10/10
  6594 | D:8      | Noticed a centaur warrior
  6596 | D:8      | Noticed a deep elf pyromancer
  6603 | D:8      | Killed a centaur warrior
  6604 | D:8      | Reached skill level 14 in Polearms
  6622 | D:8      | HP: 3/76 [electric eel/bolt of electricity (8)]
  6622 | D:8      | Slain by a fire elemental

Illustrated notes

Levels and vault maps discovered:
D:1:      minmay_arrival_cross, layout_basic, minmay_pentomino_t2
D:2:      layout_basic, serial_shops, shop, minmay_crystal_room
D:3:      wad_crossroads, layout_basic, shapermc_ecumenical_altar_totnotflames,
          supply_closet_lemuel, hangedman_decor_clover_reticule, uniq_sigmund
D:4:      layout_loops_ring, grunt_ministairs_5, minmay_misc_feat_ornament,
          uniq_duvessa
D:5:      layout_cave_pools
D:6:      layout_basic, grunt_temple_overflow_opulence,
          minmay_temple_entry_large_hall, minmay_misc_feat_columns
D:7:      layout_basic, nicolae_overflow_hidden_temple
D:8:      layout_basic, grunt_temple_overflow_forces_of_nature,
          serial_bayou_ford_a, grunt_potential, uniq_prince_ribbit1

Skill      XL: |  1  2  3  4  5  6  7  8  9 10 |
---------------+-------------------------------+-----
Dodging        | 3 4 5 6 |  6.0
Polearms       | 5 6 7 9 11 13 14 | 14.5
Fighting       | 4 5 6 |  6.0
Throwing       | 3 5 6 |  6.0
Armour         | 3 |  3.6

Action                     |  1- 3 |  4- 6 |  7- 9 | 10-12 || total
---------------------------+-------+-------+-------+-------++-------
  Melee: Spear             |    79 |    66 |    59 |       ||   204
         Trident           |    51 |    16 |       |       ||    67
         Halberd           |       |       |   277 |    33 ||   310
  Throw: Stone             |       |     2 |     5 |       ||     7
 Invoke: Berserk           |     1 |     2 |     9 |     2 ||    14
         Trog's Hand       |       |     1 |     1 |       ||     2
    Use: Scroll            |       |       |    19 |     1 ||    20
 Armour: Animal skin       |     3 |       |       |       ||     3
         Chain mail        |    34 |    27 |   141 |    10 ||   212
  Dodge: Dodged            |    37 |    27 |   121 |    15 ||   200

Table legend: (Time is in decaauts)
 A = Elapsed time spent in this place.
 B = Non-inter-level travel time spent in this place.
 C = Inter-level travel time spent in this place.
 D = Time resting spent in this place.
 E = Time spent auto-exploring this place.
 F = Levels seen in this place.
 G = Mean time per level.
                   A        B        C        D        E       F      G
               +--------+--------+--------+--------+--------+-----+--------+
         Total |   6693 |   6322 |    371 |    618 |   4510 |   8 |  836.6 |
       Dungeon |   6693 |   6322 |    371 |    618 |   4510 |   8 |  836.6 |
               +--------+--------+--------+--------+--------+-----+--------+

Top non-repeatable levels by time:
     D:1: 1130 daAuts
     D:4: 996 daAuts
     D:2: 895 daAuts
     D:7: 828 daAuts
     D:3: 772 daAuts
     D:6: 740 daAuts
     D:5: 724 daAuts
     D:8: 603 daAuts
